 Dungeon Crawl Stone Soup version 0.29-a0-577-gafbf2c5d25 (webtiles) character file.

Game seed: 17469742185894947686

4389 dolemite99 the Basher (level 10, -11/77 HPs)
             Began as a Minotaur Monk on June 13, 2022.
             Was a Follower of Uskayaw.
             Mangled by a two-headed ogre
             ... wielding a +0 giant club
              (22 damage)
             ... on level 9 of the Dungeon.
             The game lasted 00:12:24 (15463 turns).

dolemite99 the Basher (Minotaur Monk)              Turns: 15463, Time: 00:12:25

Health: -11/77     AC: 12    Str: 21    XL:     10   Next: 13%
Magic:  9/9        EV:  8    Int:  7    God:    Uskayaw [*.....]
Gold:   314        SH:  0    Dex: 15    Spells: 9/9 levels left

rFire   . . .      SeeInvis .   b - +5 flail (vorpal)
rCold   . . .      Faith    .   (no shield)
rNeg    . . .      Spirit   .   l - +0 chain mail
rPois   .          Reflect  .   (helmet restricted)
rElec   .          Harm     .   f - +0 cloak
rCorr   .          Rampage  .   w - +2 pair of gloves of Bad Feelings {Dex+3}
Will    .....                   (no boots)
Stlth   ..........              (no amulet)
HPRegen 0.22/turn               (no ring)
MPRegen 0.11/turn               (no ring)

@: about to teleport, studying Armour
A: horns 2, retaliatory headbutt
a: Renounce Religion, Stomp


You were on level 9 of the Dungeon.
You worshipped Uskayaw.
Uskayaw was noncommittal.
You visited 1 branch of the dungeon, and saw 9 of its levels.

You collected 314 gold pieces.

Inventory:

Hand Weapons
 a - a +0 hand axe
 b - a +5 vorpal flail (weapon)
 g - a +1 trident
 t - a +0 whip
 z - a +0 morningstar
 A - a +1 hand axe
 I - a +3 dire flail
 J - a +1 hand axe of electrocution
Missiles
 i - 313 stones
 E - a boomerang
Armour
 f - a +0 cloak (worn)
 h - a +1 pair of gloves
 l - a +0 chain mail (worn)
 r - a +0 scale mail
 u - a +0 robe
 v - a +0 pair of gloves
 w - the +2 pair of gloves of Bad Feelings (worn) {Dex+3}
   (You found it on level 5 of the Dungeon)

   Dex:       It affects your dexterity (+3).
 D - the +0 scale mail of the Spheres {rElec MP-9 Int+7 SInv}
   (You found it on level 8 of the Dungeon)

   Int:       It affects your intelligence (+7).
   rElec:     It insulates you from electricity.
   MP:        It affects your magic capacity (-9).
   SInv:      It lets you see invisible.
 F - a +0 plate armour
 G - a +0 ring mail of poison resistance
Jewellery
 y - a ring of positive energy
Wands
 q - a wand of flame (51)
 x - a wand of mindburst (13)
Scrolls
 d - a scroll of torment {unknown}
 s - a scroll of poison
 H - a scroll of amnesia
Potions
 c - 3 potions of ambrosia
 e - a potion of brilliance
 j - 3 potions of flight
 n - 5 potions of mutation
 p - 2 potions of cancellation


   Skills:
 - Level 3.6 Fighting
 - Level 8.3(13.0) Axes
 + Level 12.5(13.5) Maces & Flails
 - Level 9.7(11.0) Polearms
 - Level 0.6 Armour
 - Level 3.2 Dodging
 - Level 1.5 Stealth


You had 9 spell levels left.
You didn't know any spells.
Your spell library contained the following spells:

 Spells                   Type           Power      Damage    Failure   Level
 Sandblast                Erth           0%         2d4       99%         1
 Passwall                 Tmut/Erth      0%         N/A       100%        2
 Ignite Poison            Fire/Tmut/Pois 0%         N/A       100%        3
 Mephitic Cloud           Conj/Pois/Air  0%         N/A       100%        3
 Stone Arrow              Conj/Erth      0%         3d7       100%        3
 Freezing Cloud           Conj/Ice/Air   0%         6-21      100%        5
 Malign Gateway           Summ/Tloc      0%         N/A       100%        7
 Summon Horrible Things   Summ           0%         N/A       100%        8


Dungeon Overview and Level Annotations

Branches:
Dungeon (9/15)             Temple (0/1) D:7            Lair (0/6) D:8
    Orc: D:9-12

Altars:
Dithmenos
Elyvilon
Kikubaaqudgha
Nemelex Xobeh
Ru
Sif Muna
Uskayaw
Wu Jian
Xom
The Shining One

Annotations:
D:3 1 runed translucent door, Crazy Yiuf
D:4 Pikel
D:5 Grinder
D:9 exclusion: obsidian statue


Innate Abilities, Weirdness & Mutations

You have a pair of horns on your head.
You reflexively headbutt those who attack you in melee.


Message History

You start resting.
You carefully extract the barbed spikes from your body.
You start resting.
You start resting.
HP restored.
You start waiting.
Done waiting.
There is a stone staircase leading down here.
You climb downwards.
Level annotation: exclusion: obsidian statue
There is a stone staircase leading up here.
You start waiting.
Done waiting.
You start waiting.
Done waiting.
A two-headed ogre comes into view. It is wielding two +0 giant clubs.
The two-headed ogre moves out of view.
A centaur comes into view.
Found 12 gold pieces and 17 stones.
The centaur shouts!
The centaur wields a +0 shortbow.
The centaur shoots an arrow.
The arrow closely misses you.
The two-headed ogre attacks as you move away!
The two-headed ogre hits you with a +0 giant club!!
The two-headed ogre hits you with a +0 giant club!
The centaur shoots an arrow.
The arrow hits you!
The centaur shoots an arrow.
The arrow hits you but does no damage.
As you read the scroll of teleportation, it crumbles to dust.
You feel strangely unstable.
The two-headed ogre hits you with a +0 giant club!
The two-headed ogre closely misses you.
The two-headed ogre attacks as you move away!
The two-headed ogre hits you with a +0 giant club!!
* * * LOW HITPOINT WARNING * * *
The two-headed ogre barely misses you.
The two-headed ogre attacks as you move away!
The two-headed ogre closely misses you. You furiously retaliate!
You headbutt the two-headed ogre!
The two-headed ogre hits you with a +0 giant club!!
You die...

... #...###.. #..
###..##.... ##..
#..........
##...#######.........
.##.....#...#.#.##.....
...............## ##...
####..c..#..# #....
##.O#..##### .....
#.@.##.... ...##
........##..c...# . #
######...#....$...
##..........(
............
...........# ........
.#.......


You could see a two-headed ogre and a centaur.

Vanquished Creatures
  A lindwurm (shapeshifter) (D:8)
  6 yaks (D:8)
  A steam dragon (D:8)
  Edmund (D:6)
  An acid dragon (D:8)
  Duvessa (D:5)
  3 black bears
  2 ogres (D:5)
  4 orc warriors
  An ice beast (D:6)
  A centaur (D:6)
  4 lemures (D:3)
  5 phantoms
  3 bullfrogs
  10 wights
  Dowan (D:5)
  A howler monkey (D:8)
  An electric eel (D:6)
  2 orc priests
  A hound (D:5)
  An iguana (D:5)
  3 orc wizards (D:8)
  6 gnolls
  9 adders
  2 white imps
  An ufetubus (D:5)
  2 worms
  15 orcs
  4 bats
  4 endoplasms
  4 giant cockroaches
  5 goblins
  7 hobgoblins
  12 jackals
  6 quokkas
  3 ball pythons
  2 frilled lizards
  7 kobolds
  9 rats
152 creatures vanquished.

Vanquished Creatures (others)
  11 fungi (D:3)
  2 plants
13 creatures vanquished.

Grand Total: 165 creatures vanquished

Notes
Turn   | Place    | Note
-------+----------+-------------------------------------------
     0 | D:1      | dolemite99 the Minotaur Monk began the quest for the Orb.
     0 | D:1      | Reached XP level 1. HP: 19/19 MP: 0/0
   471 | D:1      | Reached XP level 2. HP: 26/26 MP: 1/1
   682 | D:1      | Reached skill level 5 in Axes
   824 | D:1      | Reached XP level 3. HP: 30/31 MP: 2/2
  2589 | D:3      | Reached XP level 4. HP: 38/39 MP: 3/3
  2681 | D:3      | HP: 1/39 [orc priest/nerve-wracking pain (2)]
  2991 | D:3      | Found a faded altar of an unknown god.
  3033 | D:3      | Prayed at the altar of an unknown god.
  3033 | D:3      | Became a worshipper of Uskayaw the Reveller
  3033 | D:3      | Reached * piety under Uskayaw
  3033 | D:3      | Reached ** piety under Uskayaw
  3608 | D:3      | Found a runed translucent door.
  3609 | D:3      | Noticed Crazy Yiuf
  3660 | D:3      | Reached XP level 5. HP: 45/45 MP: 4/4
  3661 | D:3      | Found an ornate altar of the Wu Jian Council.
  3932 | D:4      | Identified a scroll of acquirement
  3932 | D:4      | Acquired a manual of Armour
  4036 | D:4      | Noticed a black bear
  4056 | D:4      | Reached *** piety under Uskayaw
  4057 | D:4      | Killed a black bear
  4058 | D:4      | Reached **** piety under Uskayaw
  4088 | D:4      | Reached XP level 6. HP: 51/51 MP: 5/5
  4902 | D:4      | Found a sparkling altar of Nemelex Xobeh.
  5061 | D:4      | Found a shimmering altar of Xom.
  5070 | D:4      | Noticed Pikel
  5538 | D:5      | Entered Level 5 of the Dungeon
  5557 | D:5      | Found a hide-covered altar of Uskayaw.
  5875 | D:4      | Reached skill level 1 in Polearms
  6341 | D:5      | Reached skill level 5 in Polearms
  6341 | D:5      | Reached XP level 7. HP: 57/57 MP: 6/6
  6441 | D:5      | Found a sacrificial altar of Ru.
  6476 | D:5      | Identified the +2 pair of gloves of Bad Feelings {Dex+3}
  6504 | D:5      | Noticed Edmund
  6506 | D:5      | Noticed Duvessa
  6507 | D:5      | Noticed Dowan
  6513 | D:5      | Noticed Grinder
  7314 | D:6      | Found the +4 dagger "Morg" {pain, Will+ Int+5}
  7447 | D:6      | Reached XP level 8. HP: 62/64 MP: 7/7
  7943 | D:6      | Found a white marble altar of Elyvilon.
  8238 | D:6      | Killed Edmund
  8596 | D:7      | Found an ancient bone altar of Kikubaaqudgha.
  8774 | D:7      | Found a staircase to the Ecumenical Temple.
  8873 | D:7      | Reached skill level 2 in Maces & Flails
  8877 | D:7      | Reached skill level 3 in Maces & Flails
  9415 | D:7      | Reached skill level 4 in Maces & Flails
  9424 | D:7      | HP: 3/63 [wight/+1 hand axe (1)]
  9425 | D:7      | HP: 1/63 [wight/+1 hand axe (3)]
  9427 | D:7      | Reached skill level 5 in Maces & Flails
  9954 | D:8      | Reached skill level 6 in Maces & Flails
  9961 | D:8      | Reached XP level 9. HP: 42/70 MP: 8/8
 10335 | D:8      | Reached skill level 7 in Maces & Flails
 10765 | D:8      | Found a shadowy altar of Dithmenos.
 10843 | D:8      | Identified the +0 scale mail of the Spheres {rElec MP-9
                  | Int+7 SInv}
 10867 | D:8      | Found a staircase to the Lair.
 10894 | D:8      | Noticed a death yak
 10896 | D:8      | Noticed a death yak
 10929 | D:8      | HP: 1/65 [wight/+0 halberd (4)]
 11610 | D:5      | Found a glowing golden altar of the Shining One.
 11822 | D:5      | Killed Duvessa
 11823 | D:5      | Reached skill level 8 in Maces & Flails
 11827 | D:5      | Killed Dowan
 12447 | D:7      | Reached skill level 9 in Maces & Flails
 12965 | D:8      | Reached skill level 10 in Maces & Flails
 12970 | D:8      | Reached ***** piety under Uskayaw
 12973 | D:8      | Reached skill level 11 in Maces & Flails
 13118 | D:8      | Noticed a death yak
 13667 | D:8      | Reached XP level 10. HP: 61/77 MP: 9/9
 14112 | D:8      | Noticed a lindwurm
 14112 | D:8      | a jumping spider changed into a lindwurm
 14119 | D:8      | Killed a lindwurm
 14120 | D:8      | Reached skill level 12 in Maces & Flails
 14574 | D:8      | Found a shimmering blue altar of Sif Muna.
 14743 | D:9      | Noticed an obsidian statue
 15455 | D:9      | Noticed a two-headed ogre
 15463 | D:9      | Mangled by a two-headed ogre

Illustrated notes

Levels and vault maps discovered:
D:1:      dpeg_arrival_morbid_curiosity, layout_basic, corexii_corridor_pit
D:2:      layout_basic
D:3:      layout_loops_ring, marbit_many_paths,
          chequers_ecumenical_altar_simple, dreamdust_mushroom_princess,
          uniq_crazy_yiuf_cottage
D:4:      layout_cave_pods, nemelex_xobeh_ov_fountains_minmay,
          nicolae_overflow_hidden_temple, grunt_ministairs_15, uniq_pikel
D:5:      layout_loops_cross, eat_drink_and_be_merry_uskayaw,
          nicolae_ru_awakened_eye, tso_oasis_becter, uniq_grinder, uniq_duvessa,
          uniq_edmund
D:6:      layout_loops_ring, nicolae_elyvilon_temple_path
D:7:      layout_basic, lemuel_coloured_pillars_altar,
          minmay_temple_entry_crystal_x
D:8:      layout_loops_ring, kennysheep_orc_sif_temple,
          grunt_dithmenos_smoke_and_mirrors, dpeg_lair_monsters
D:9:      layout_cave_pools, makhleb_altar_promises_db,
          mainiacjoe_overflow_small_starburst, orc_david_3, serial_gnoll_camp,
          gnoll_camp_mini_hut, gnoll_camp_mini_hut, gnoll_camp_mini_hut,
          gnoll_camp_mini_shop, minmay_misc_feat_ornament,
          minmay_protected_statue, uniq_harold

Skill      XL: |  1  2  3  4  5  6  7  8  9 10 |
---------------+-------------------------------+-----
Axes           | 4 5 7 8 |  8.3
Polearms       | 5 8 9 |  9.7
Maces & Flails | 6 11 12 | 12.5
Fighting       | |  3.6
Armour         | |  0.6
Dodging        | |  3.2
Stealth        | |  1.5

Action                   |  1- 3 |  4- 6 |  7- 9 | 10-12 || total
-------------------------+-------+-------+-------+-------++-------
Melee: Hand axe          |    90 |   138 |       |       ||   228
       Headbutt          |    15 |    33 |    42 |     3 ||    93
       Trident           |       |    42 |    69 |       ||   111
       Punch             |       |     1 |     6 |       ||     7
       Flail             |       |       |   130 |    35 ||   165
Throw: Stone             |    25 |    19 |    16 |       ||    60
Evoke: Wand              |       |       |     8 |       ||     8
  Use: Scroll            |     9 |     4 |     9 |     2 ||    24
       Potion            |       |     3 |     7 |     1 ||    11
 Stab: Sleeping          |     5 |     2 |       |       ||     7
       Paralysed         |       |     3 |     6 |     1 ||    10
Armor: Robe              |    28 |    15 |       |       ||    43
       Skin              |       |    37 |       |       ||    37
       Scale mail        |       |    35 |    16 |       ||    51
       Chain mail        |       |       |    66 |    25 ||    91
Dodge: Dodged            |    62 |    87 |    86 |    13 ||   248

Table legend: (Time is in decaauts)
 A = Elapsed time spent in this place.
 B = Non-inter-level travel time spent in this place.
 C = Inter-level travel time spent in this place.
 D = Time resting spent in this place.
 E = Time spent auto-exploring this place.
 F = Levels seen in this place.
 G = Mean time per level.
                   A        B        C        D        E       F      G
               +--------+--------+--------+--------+--------+-----+--------+
         Total |  15400 |  14717 |    683 |   7535 |   5365 |   9 | 1711.1 |
       Dungeon |  15400 |  14717 |    683 |   7535 |   5365 |   9 | 1711.1 |
               +--------+--------+--------+--------+--------+-----+--------+

Top non-repeatable levels by time:
     D:7: 3211 daAuts
     D:8: 2485 daAuts
     D:6: 2005 daAuts
     D:3: 1953 daAuts
     D:4: 1842 daAuts
     D:1: 1285 daAuts
     D:5: 1196 daAuts
     D:2: 1139 daAuts
     D:9: 281 daAuts
